 Dungeon Crawl Stone Soup version 0.26.1-11-gd32895ea62 (webtiles) character file.

Game seed: 4265329465915294791

16 Jerry the Insei (level 2, 0/18 HPs)
             Began as an Octopode Transmuter on June 22, 2021.
             Slain by a worm (7 damage)
             ... on level 2 of the Dungeon.
             The game lasted 00:00:56 (698 turns).

Jerry the Insei (Octopode Transmuter)                Turns: 698, Time: 00:00:56

Health: 0/18       AC:  1    Str: 15    XL:     2   Next: 58%
Magic:  5/5        EV: 13    Int: 15    God:
Gold:   92         SH:  0    Dex: 12    Spells: 4/5 levels left

rFire    . . .     SeeInvis .     - Unarmed
rCold    . . .     Faith    .   (no shield)
rNeg     . . .     Spirit   .   (helmet restricted)
rPois    .         Reflect  .   (no amulet)
rElec    .         Harm     .   c - +6 ring of strength
rCorr    .         Rampage  .   (no ring)
Will     .....                  (no ring)
Stlth    +++.......             (no ring)
HPRegen  0.06/turn              (no ring)
MPRegen  0.09/turn              (no ring)
                                (no ring)
                                (no ring)

@: no status effects
A: almost no armour, stealthy swim, amphibious, 8 rings, constrict 8, camouflage
1, gelatinous body 1
a: no special abilities


You were on level 2 of the Dungeon.
You visited 1 branch of the dungeon, and saw 2 of its levels.

You collected 92 gold pieces.

Inventory:

Jewellery
 c - a +6 ring of strength (left tentacle)
Scrolls
 a - a scroll of identify {unknown}
 d - a scroll of blinking {unknown}
 e - a scroll of remove curse {unknown}
Potions
 b - 2 potions of attraction {unknown}
 f - a potion of curing {unknown}


   Skills:
 + Level 1.3 Fighting
 + Level 2.2 Dodging
 + Level 1.2 Stealth
 * Level 3.3 Unarmed Combat
 - Level 2.0 Spellcasting
 - Level 2.0 Transmutations


You had 4 spell levels left.
You knew the following spells:

 Your Spells              Type           Power        Failure   Level
a - Beastly Appendage     Tmut           14%          10%         1

Your spell library contained the following spells:

 Spells                   Type           Power        Failure   Level
 Wereblood                Tmut           7%           14%         2
 Spider Form              Tmut/Pois      2%           41%         3
 Ice Form                 Ice/Tmut       4%           82%         4
 Blade Hands              Tmut           3%           95%         5


Dungeon Overview and Level Annotations

Branches:
Dungeon (2/15)

Altars:


Innate Abilities, Weirdness & Mutations

You cannot wear most types of armour.
You are very stealthy in the water. (Stealth+)
You are amphibious.
You can wear up to eight rings at the same time.
You can use your tentacles to constrict eight enemies at once.
Your skin changes colour to match your surroundings (Stealth+).
Your rubbery body absorbs attacks. (AC +1, EV +1)


Message History

You grab the worm. You constrict the worm. The worm bites you!
Ouch! That really hurt!
You are too injured to fight recklessly!
You are too injured to fight recklessly!
You are too injured to fight recklessly!
You are too injured to fight recklessly!
You tentacle-slap the worm.
The worm is lightly wounded.
You constrict the worm.
A kobold comes into view. It is wielding a +0 club.
You barely miss the worm.
The worm is lightly wounded.
You constrict the worm. The worm barely misses you.
You completely miss the worm.
The worm is moderately wounded.
You constrict the worm. You tentacle-slap the worm.
The worm is heavily wounded.
You constrict the worm. The worm bites you!
You die...

#############
####..#...#..#.###
#........#.#......
#..#......#..#...#
#@..##...)....#.#.
#..w.................
#..##################
...## #.# ... ##'##
#. ##...## #
##.....## #
##..(.(..## ##
#........†####.


You could see a worm.

Vanquished Creatures
  A dart slug (D:1)
  2 bats
  4 goblins
  2 hobgoblins (D:2)
  A frilled lizard (D:1)
  3 kobolds
  A rat (D:1)
14 creatures vanquished.

Notes
Turn   | Place    | Note
-------+----------+-------------------------------------------
     0 | D:1      | Jerry the Octopode Transmuter began the quest for the Orb.
     0 | D:1      | Reached XP level 1. HP: 13/13 MP: 3/3
    90 | D:1      | Reached XP level 2. HP: 15/18 MP: 5/5
   272 | D:1      | Reached skill level 1 in Stealth
   698 | D:2      | Slain by a worm

Illustrated notes

Levels and vault maps discovered:
D:1:      nzn_arrival_water_spiral, layout_basic, serial_glass, glass_columns_a,
          glass_columns_b, glass_columns_a
D:2:      layout_loops_corners, minmay_misc_feat_rugged,
          kennysheep_pointless_box, minmay_pentomino_pile

Skill      XL: |  1  2 |
---------------+-------+-----
Stealth        | 1 |  1.2
Fighting       | |  1.3
Dodging        | |  2.2
Unarmed Combat | |  3.3
Spellcasting   | |  2.0
Transmutations | |  2.0

Action                   || total
-------------------------++-------
Melee: Unarmed           ||    35
       Constrict         ||     7
       Tentacles         ||     4
 Stab: Sleeping          ||     2
Armor: Skin              ||     6
Dodge: Dodged            ||    22
